Map: Cosmic Sapphire

Players

Exterminator

  • Race: Terran Terran
  • League: Silver
  • Spawn Location: 5:00

jiri - Winner!

  • Race: Terran Terran
  • League: Silver
  • Spawn Location: 11:00

VOD

Have the link to the VOD?

Description

Time

  • Played on: Oct. 27, 2022, 3 a.m.
  • Length: 22:41
Show
View Real Time Build Order
Export as new Build Order

Exterminator Terran 

Build Orders: 1/1/1 

Get SALT Encoding   

  12  0:00  SCV  
  13  0:13  SCV  
  14  0:18  Supply Depot  
  14  0:25  SCV  
  15  0:30  Refinery  
  15  0:40  SCV  
  16  0:46  Barracks  
  16  0:59  Supply Depot  
  16  1:00  SCV  
  17  1:09  Refinery  
  17  1:14  SCV  
  18  1:35  Factory  
  18  1:38  SCV  
  19  1:48  Marine  
  19  1:50  SCV  
  21  2:02  SCV  
  21  2:06  Marine  
  23  2:15  SCV  
  24  2:21  Supply Depot  
  24  2:22  Factory Tech Lab  
  24  2:25  Marine  
  24  2:26  Starport  
  25  2:31  SCV  
  26  2:43  Marine  
  27  2:46  Siege Tank  
  30  2:56  Orbital Command  
  30  3:04  Medivac  
  32  3:07  Marine  
  33  3:21  Siege Tank  
  33  3:24  SCV  
  37  3:28  Marine  
  38  3:50  Supply Depot  
  38  4:11  Liberator  
  32  5:14  Cyclone  
  32  5:18  Marine, Engineering Bay  
  36  5:21  Viking  
  27  6:10  Missile Turret x2  
  26  6:12  Missile Turret x2  
  26  6:19  Siege Tank  
  26  6:22  Starport Reactor  
  26  6:24  SCV  
  30  6:30  Barracks Reactor  
  30  6:31  Command Center  
  30  6:38  Barracks  
  30  6:40  SCV  
  31  6:57  Cyclone  
  31  7:00  Viking  
  36  7:05  SCV  
  36  7:08  Marine x2  
  36  7:50  Barracks Reactor, Marine  
  36  7:51  Marine  
  38  7:52  SCV  
  38  7:53  Siege Tank  
  38  7:54  Viking  
  22  9:56  Cyclone  
  25  10:07  Viking x2  
  25  10:14  Starport  
  29  10:15  Starport  
  29  10:19  Marine x3  
  29  10:20  Marine  
  33  10:24  Orbital Command  
  33  10:28  SCV, Siege Tank  
  34  10:31  Barracks  
  37  10:37  Marine x4  
  37  10:40  Factory, Viking x2  
  42  10:51  SCV  
  43  10:59  SCV  
  43  11:03  SCV  
  45  11:08  Viking  
  47  11:14  Viking  
  49  11:22  Viking  
  51  11:28  SCV  
  51  11:29  SCV  
  53  11:35  Supply Depot  
  53  11:37  Factory Tech Lab  
  53  11:46  SCV  
  54  11:50  Barracks  
  54  11:57  Siege Tank  
  54  11:58  Siege Tank  
  60  12:01  Supply Depot  
  60  12:10  SCV  
  60  12:11  Refinery  
  60  12:12  SCV, Refinery  
  62  12:26  Marine x4  
  62  12:29  Siege Tank  
  69  12:35  SCV  
  70  12:48  Supply Depot  
  70  12:49  Supply Depot  
  70  13:09  SCV x2, Viking  
  74  13:19  Medivac x2  
  78  13:21  Starport Reactor  
  78  13:29  Siege Tank  
  78  13:33  Siege Tank  
  84  13:35  Marine x2  
  86  13:43  Supply Depot  
  86  13:47  Supply Depot  
  86  13:48  Marine  
  86  13:50  Viking  
  71  14:04  Viking x3  
  63  15:32  Viking x2  
  63  15:33  Viking x3  
  62  15:51  Siege Tank x2  
  68  16:06  Viking x2  
  68  16:07  Viking x3  
  78  16:14  Marine x4  
  82  16:21  Barracks Reactor  
  82  16:28  Barracks Reactor  
  82  16:32  Marine x4, Siege Tank x2  
  92  16:45  SCV x2  
  94  16:57  Viking x2  
  94  16:58  Viking  
  90  17:42  Siege Tank x2  
  85  18:24  Siege Tank x2  
  91  18:31  Viking x2  
  91  18:33  Marine  
  91  18:34  Marine x6  
  102  19:37  Siege Tank  
  102  19:38  Siege Tank  
  73  20:22  Viking  
  73  20:23  Viking x4  
  73  20:26  Siege Tank x2  
  59  21:15  Viking  
  59  21:16  Viking x2  
  65  21:24  Marine x7  
  65  21:25  Marine  
  73  21:28  Command Center  
Show
View Real Time Build Order
Export as new Build Order

jiri Terran - Winner!

Build Orders: 1/1/1 

Get SALT Encoding   

  12  0:11  Supply Depot  
  12  0:13  SCV  
  13  0:37  SCV, Barracks  
  13  0:41  Refinery  
  14  0:46  Refinery  
  14  0:51  SCV  
  15  1:03  SCV  
  16  1:15  SCV  
  17  1:27  SCV  
  17  1:31  Factory  
  18  1:39  SCV  
  19  1:46  Engineering Bay  
  19  1:51  SCV  
  20  2:03  SCV  
  21  2:16  SCV  
  21  2:18  Starport  
  22  2:27  Planetary Fortress  
  22  2:30  Factory Tech Lab  
  22  2:40  Factory Tech Lab  
  22  2:47  Supply Depot  
  22  2:59  Fusion Core  
  22  3:01  Starport Tech Lab  
  22  3:04  SCV  
  23  3:11  Supply Depot  
  23  3:16  SCV  
  23  3:17  Missile Turret  
  24  3:28  SCV  
  25  3:50  Battlecruiser  
  31  4:00  SCV  
  32  4:03  Supply Depot  
  32  4:04  Widow Mine  
  34  4:16  Missile Turret  
  33  4:36  SCV  
  28  4:48  SCV  
  26  5:01  SCV  
  25  5:13  SCV, Battlecruiser  
  32  5:25  SCV  
  33  5:37  SCV  
  28  6:12  Widow Mine  
  28  6:17  SCV  
  31  6:29  SCV  
  32  6:34  Widow Mine  
  34  6:41  Command Center  
  34  6:55  Widow Mine  
  36  7:05  SCV  
  36  7:07  Command Center  
  37  7:16  Widow Mine  
  37  7:17  SCV  
  41  7:30  SCV  
  40  7:42  SCV  
  41  7:51  Battlecruiser  
  47  8:01  Missile Turret  
  47  8:04  SCV  
  46  8:16  SCV  
  41  8:28  SCV  
  41  8:32  Planetary Fortress  
  42  8:37  Refinery  
  42  8:38  Siege Tank  
  42  8:40  SCV  
  40  8:52  SCV  
  37  9:18  SCV  
  32  9:30  SCV  
  33  9:35  Missile Turret  
  33  9:36  SCV  
  34  9:40  Refinery  
  34  9:42  SCV  
  34  9:43  Refinery  
  34  9:44  Battlecruiser  
  41  9:48  SCV  
  38  9:54  SCV  
  38  9:59  Siege Tank  
  42  10:00  SCV  
  42  10:06  SCV  
  44  10:12  SCV  
  45  10:18  SCV  
  46  10:24  SCV, Missile Turret  
  47  10:30  SCV  
  47  10:31  Weapon Refit  
  48  10:38  Armory  
  48  10:43  SCV  
  49  10:54  Battlecruiser  
  49  10:55  SCV  
  56  11:07  SCV  
  56  11:11  Refinery  
  57  11:14  Siege Tank, Missile Turret  
  60  11:19  SCV x2  
  62  11:32  SCV  
  63  11:37  Command Center, Terran Vehicle And Ship Armor Level 1  
  63  11:38  Starport  
  63  11:42  Hi-Sec Auto Tracking, Armory  
  63  11:44  SCV  
  64  11:56  SCV  
  64  11:59  Thor  
  71  12:07  Battlecruiser  
  77  12:20  Supply Depot  
  77  12:28  Missile Turret  
  77  12:32  Starport Tech Lab  
  77  12:34  Terran Ship Weapons Level 1  
  77  12:38  Starport  
  77  12:39  Neosteel Armor  
  77  12:42  SCV x2  
  79  12:45  Supply Depot  
  79  12:52  Battlecruiser  
  79  12:54  SCV x2  
  87  12:58  Supply Depot  
  87  13:04  SCV  
  88  13:06  SCV  
  89  13:16  SCV, Starport Tech Lab  
  89  13:18  SCV  
  91  13:25  Starport  
  91  13:26  Battlecruiser  
  97  13:28  SCV  
  97  13:30  SCV  
  97  13:31  Supply Depot  
  97  13:33  Terran Vehicle And Ship Armor Level 2  
  99  13:43  SCV  
  78  14:10  Starport Tech Lab  
  78  14:16  Planetary Fortress  
  78  14:20  Battlecruiser  
  78  14:21  Battlecruiser  
  82  15:20  Battlecruiser  
  88  15:21  Missile Turret  
  88  15:27  Battlecruiser  
  93  15:29  Terran Ship Weapons Level 2  
  87  15:54  Battlecruiser  
  93  15:57  Battlecruiser  
  99  16:07  Missile Turret  
  99  16:16  Refinery  
  99  16:21  Terran Vehicle And Ship Armor Level 3  
  99  16:25  Command Center  
  99  16:44  Missile Turret  
  99  16:46  Battlecruiser  
  105  17:10  Missile Turret  
  104  17:24  Battlecruiser  
  93  17:44  Refinery  
  93  17:51  Terran Ship Weapons Level 3  
  81  18:44  Command Center  
  81  18:46  Battlecruiser  
  87  18:52  Missile Turret  
  87  18:59  Missile Turret  
  87  19:01  Battlecruiser  
  93  19:25  Command Center  
  93  19:36  Missile Turret  
  93  19:41  Battlecruiser  
  83  19:59  Battlecruiser  
  89  20:15  Missile Turret  
  89  20:21  Command Center  
  89  20:26  SCV  
  90  20:33  Unknown  
  90  20:34  Battlecruiser  
  96  20:39  SCV  
  96  20:40  Missile Turret  
  96  20:51  SCV  
  90  21:03  SCV  
  85  21:13  Missile Turret  
  85  21:14  Battlecruiser  
  85  21:15  SCV  
  91  21:34  Battlecruiser  
Tags
 
Matchup
TvT
Opening
1/1/11/1/1
Race
Terran
Spawn Locations
Cross Positions
Add a new tag
Caveats
  • Supply blocks, unpowered buildings, or Contaminate may cause inaccurate times.
  • Supply counts are checked every 10 seconds.